 Dungeon Crawl Stone Soup version 0.22-a0-389-g8519d86 (webtiles) character file.

20130 Falco the Eclecticist (level 12, -2/64 HPs)
             Began as a Deep Elf Conjurer on Apr 30, 2018.
             Was an Elder of Vehumet.
             Shot with an arrow by a centaur warrior (23 damage)
             ... on level 2 of the Orcish Mines.
             The game lasted 03:52:53 (17982 turns).

Falco the Eclecticist (Deep Elf Conjurer)          Turns: 17982, Time: 03:52:53

Health: -2/64      AC: 13    Str:  6    XL:     12   Next: 42%
Magic:  31/34      EV: 21    Int: 33    God:    Vehumet [****..]
Gold:   353        SH:  2    Dex: 13    Spells: 4/43 levels left

rFire    . . .     SeeInvis .   a - +8 demon whip of Tiestror {pain, Int+5}
rCold    . . .     Gourm    .   (no shield)
rNeg     + . .     Faith    .   F - +2 robe of the Evening {rN+ Int+3 Dex-5}
rPois    .         Spirit   .   P - +1 helmet
rElec    .         Reflect  +   f - +2 cloak
rCorr    .         Harm     .   q - +1 pair of gloves {Dex+3}
MR       +....                  i - +1 pair of boots {Stlth+}
Stlth    +++++.....             d - +2 amulet of reflection
HPRegen  0.20/turn              h - ring of stealth
MPRegen  0.24/turn              K - +4 ring of evasion

@: no status effects
A: no striking features
a: Renounce Religion


You were on level 2 of the Orcish Mines.
You worshipped Vehumet.
Vehumet was greatly pleased with you.
You were not hungry.

You visited 3 branches of the dungeon, and saw 14 of its levels.
You also visited: Sewer.

You collected 718 gold pieces.
You spent 365 gold pieces at shops.

Inventory:

Hand Weapons
 a - the +8 demon whip of Tiestror (weapon) {pain, Int+5}
   (You took it off a crimson imp on level 11 of the Dungeon)

   In the hands of one skilled in necromantic magic, it inflicts extra damage on
   living creatures.
   It affects your intelligence (+5).
 j - a +0 dagger of draining
 p - the +9 trident of Extremism {protect, rF+ MR+ Dex+3 Stlth+}
   (You found it on level 5 of the Dungeon)

   It protects the one who uses it against injury (+AC on strike).
   It affects your dexterity (+3).
   It protects you from fire.
   It affects your resistance to hostile enchantments.
   It makes you more stealthy.
 u - a +0 quarterstaff
 H - a +0 fustibalus
 J - a +2 shortbow of freezing
 N - a +1 battleaxe of freezing
 R - a +3 blowgun
 W - a +0 dagger of venom
Missiles
 e - 183 arrows
 l - 300 bolts
 z - 28 poisoned needles
 G - a throwing net
 L - 31 tomahawks (quivered)
Armour
 f - a +2 cloak (worn)
 i - a +1 pair of boots of stealth (worn)
 q - a +1 pair of gloves of dexterity (worn)
 F - the +2 robe of the Evening (worn) {rN+ Int+3 Dex-5}
   (You found it on level 4 of the Dungeon)

   It affects your intelligence (+3).
   It affects your dexterity (-5).
   It protects you from negative energy.
 P - a +1 helmet (worn)
Magical Staves
 O - an uncursed staff of air
Jewellery
 d - a +2 amulet of reflection (around neck)
 h - a ring of stealth (left hand)
 K - a +4 ring of evasion (right hand)
 X - a +3 ring of strength {unknown}
Wands
 A - a wand of flame (28)
 I - a wand of enslavement (16)
 M - a wand of iceblast (4)
 U - a wand of disintegration (15)
Scrolls
 g - 4 scrolls of teleportation
 o - a scroll of identify
 s - 5 scrolls of remove curse
 v - a scroll of fog
 Q - a scroll of noise {unknown}
 V - a scroll of magic mapping {unknown}
 Y - a scroll of holy word {unknown}
 Z - a scroll of silence {unknown}
Potions
 b - 2 potions of mutation {unknown}
 k - 4 potions of flight
 m - a potion of cancellation {unknown}
 r - 5 potions of brilliance
 t - 4 potions of curing
 w - 2 potions of might
 x - a potion of magic
 B - 2 potions of agility {unknown}
 C - a potion of berserk rage {unknown}
Comestibles
 c - 3 rations
 n - 3 chunks of flesh


   Skills:
 + Level 2.9 Fighting
 + Level 0.2(1.2) Maces & Flails
 + Level 3.0(3.3) Polearms
 + Level 2.7(3.8) Staves
 + Level 8.1 Dodging
 + Level 5.2 Stealth
 + Level 16.2 Spellcasting
 + Level 12.5 Conjurations
 + Level 5.1 Hexes
 + Level 3.8 Charms
 + Level 2.2 Necromancy
 + Level 2.4 Fire Magic
 + Level 3.3 Ice Magic
 + Level 0.1 Evocations


You had 4 spell levels left.
You knew the following spells:

 Your Spells              Type           Power        Failure   Level  Hunger
a - Magic Dart            Conj           ####         0%          1    None
b - Searing Ray           Conj           ######       0%          2    None
c - Dazzling Spray        Conj/Hex       ######       1%          3    None
d - Iskenderun's Mystic   Conj           #######.     1%          4    None
e - Confusing Touch       Hex            ######       1%          1    None
f - Fulminant Prism       Conj/Hex       ######....   1%          4    None
g - Flame Tongue          Conj/Fire      #####        1%          1    None
h - Confuse               Hex            ######..     1%          3    None
i - Ignite Poison         Fire/Tmut/Pois ####....     1%          3    None
j - Fireball              Conj/Fire      ######....   1%          5    None
k - Ozocubu's Armour      Chrm/Ice       ######..     1%          3    None
l - Freeze                Ice            ####         1%          1    None
m - Throw Flame           Conj/Fire      ######       1%          2    None
n - Throw Frost           Conj/Ice       ######       1%          2    None
o - Animate Skeleton      Necr           N/A          1%          1    None
p - Static Discharge      Conj/Air       ######..     1%          3    None


Dungeon Overview and Level Annotations

Branches:
Dungeon (11/15)            Temple (1/1) D:6            Lair (0/6) D:11
    Orc (2/2) D:9             Elf (0/3) Orc:2

Altars:
Ashenzari
Cheibriados
Dithmenos
Elyvilon
Fedhas
Gozag
Hepliaklqana
Kikubaaqudgha
Makhleb
Nemelex Xobeh
Okawaru
Qazlal
Ru
Sif Muna
Trog
Uskayaw
Vehumet
Wu Jian
Xom
Yredelemnul
Zin
The Shining One
Beogh

Shops:
D:11 *[


Message History

Something hits your orc warrior skeleton.
The centaur warrior hits your orc warrior skeleton.
The centaur warrior wields an uncursed longbow.
The centaur warrior shoots an arrow.
The arrow hits your orc warrior skeleton!!
Your orc warrior skeleton is destroyed!
You hear a shout!
The centaur warrior shoots an arrow.
The arrow hits you!
Things that are here:
an arrow; a trident; a plate armour
As you read the scroll of fog, it crumbles to dust.
The scroll dissolves into smoke.
Casting: Magic Dart (safe; 0% risk of failure)
Confirm with . or Enter, or press ? or * to list all spells.
Aiming: Fulminant Prism (safe; 1% risk of failure)
Press: ? - help, Dir - move target cursor, f - you
Okay, then.
Okay, then.
The centaur warrior shoots an arrow.
The arrow hits you!!
You die...

....#.## ##....## #<......#
.......###......## ##.....##
......###........## ##........#
........##........####..........#
.##..(...(....#.......$...#......
.##.........#####........##......
.####...().#######).....## #.....
#####..c).)§§##......(..# .....
...#$...#))§§...@(.......# ...
......()#..§§§.§....^#.....
$....Z)##.(§c§§.....##......
.....Z).##(§§§§...### #.....
.......#######§...# . ...#...#
#§#.## ##.#(c#### #####
#...[)##.### ....((.....##


You could see a centaur warrior.

Vanquished Creatures
  An orc warlord (Orc:1)
  3 hydras (D:11)
  4 two-headed ogres
  Nergalle (D:10)
  Pikel (D:5)
  An orc knight (Orc:2)
  A deep elf mage (D:10)
  2 cyclopes (D:11)
  Psyche (D:8)
  A naga mage (D:9)
  Joseph (D:8)
  Maurice (D:8)
  Prince Ribbit (D:5)
  A troll (D:11)
  3 hippogriffs
  A spriggan (D:7)
  A water elemental (D:11)
  Grum (D:10)
  Menkaure (D:5)
  2 wargs (Orc:1)
  A soldier ant (D:10)
  2 sky beasts
  The ghost of PopulousWildman the Cudgeler, an amateur TrMo (D:3)
  A black bear (D:10)
  An ice beast (D:7)
  3 slaves (D:5)
  2 necrophages
  3 phantoms
  7 wolves
  27 orc warriors
  11 centaurs
  6 ogres
  12 bullfrogs
  A wyvern zombie (D:6)
  A gnoll sergeant (D:8)
  3 scorpions
  A wyvern skeleton (D:10)
  13 killer bees
  4 electric eels (D:11)
  3 howler monkeys
  8 crimson imps
  A jelly (D:9)
  4 orc priests
  12 hounds
  10 orc wizards
  9 worker ants
  Jessica (D:2)
  An iguana (D:10)
  A worker ant zombie (D:9)
  Robin (D:3)
  11 adders
  8 gnolls (D:8)
  4 river rats
  An ooze (D:2)
  4 worms
  2 adder skeletons
  A dart slug (D:3)
  4 leopard geckos
  74 orcs
  7 ball pythons
  10 bats
  3 giant cockroaches
  15 goblins
  11 hobgoblins
  20 jackals
  7 kobolds
  7 quokkas
  12 frilled lizards
  A leopard gecko skeleton (D:6)
  18 rats
  A fire vortex (D:11)
401 creatures vanquished.

Vanquished Creatures (collateral kills)
  A centaur (D:11)
  An orc (Orc:2)
2 creatures vanquished.

Vanquished Creatures (others)
  A slave (D:5)
  A centaur (D:8)
  An iguana (D:5)
  An ooze (D:5)
  A leopard gecko zombie (D:5)
  47 fulminant prisms
  A plant (D:11)
53 creatures vanquished.

Grand Total: 456 creatures vanquished

Notes
Turn   | Place    | Note
-------+----------+-------------------------------------------
     0 | D:1      | Falco the Deep Elf Conjurer began the quest for the Orb.
     0 | D:1      | Reached XP level 1. HP: 10/10 MP: 6/6
   144 | D:1      | Reached XP level 2. HP: 15/15 MP: 2/8
   638 | D:1      | Reached skill level 5 in Conjurations
   642 | D:1      | Learned a level 2 spell: Searing Ray
  1011 | D:2      | Reached XP level 3. HP: 19/19 MP: 6/9
  1016 | D:2      | Learned a level 3 spell: Dazzling Spray
  1078 | D:2      | Found an iron altar of Okawaru.
  1480 | D:2      | Noticed Jessica
  1487 | D:2      | Killed Jessica
  1487 | D:2      | Reached XP level 4. HP: 24/24 MP: 2/11
  1493 | D:2      | Learned a level 4 spell: Iskenderun's Mystic Blast
  1568 | D:2      | Identified Jessica's Papyrus of Good Luck
  2133 | D:3      | Reached skill level 4 in Spellcasting
  2236 | D:3      | Found an ornate altar of the Wu Jian Council.
  2261 | D:3      | Reached XP level 5. HP: 25/28 MP: 0/13
  2410 | D:3      | Noticed Robin
  2463 | D:3      | Found a glowing drain.
  2468 | D:3      | Noticed PopulousWildman's ghost (amateur TrMo)
  2537 | Sewer    | Entered a sewer
  2873 | Sewer    | Reached skill level 5 in Spellcasting
  3290 | D:3      | Learned a level 1 spell: Confusing Touch
  3294 | D:3      | Learned a level 3 spell: Confuse
  3590 | D:3      | Reached XP level 6. HP: 27/32 MP: 8/15
  3770 | D:4      | Reached skill level 1 in Staves
  4353 | D:4      | Reached skill level 6 in Spellcasting
  4540 | D:4      | Found a shattered altar of Ashenzari.
  4955 | D:4      | Got a shadowed robe
  4966 | D:4      | Identified the +2 robe of the Evening {rN+ Int+3 Dex-5} (You found it on level 4 of the Dungeon)
  4975 | D:4      | Learned a level 4 spell: Fulminant Prism
  4998 | D:4      | Reached XP level 7. HP: 30/36 MP: 5/18
  5463 | D:5      | Entered Level 5 of the Dungeon
  5502 | D:5      | Got a jewelled trident
  5509 | D:5      | Identified the +9 trident of Extremism {protect, rF+ MR+ Dex+3 Stlth+} (You found it on level 5 of the Dungeon)
  5658 | D:5      | Noticed Menkaure
  5664 | D:5      | Killed Menkaure
  5704 | D:5      | Found a glowing silver altar of Zin.
  5719 | D:5      | Reached skill level 7 in Spellcasting
  5983 | D:5      | Noticed Pikel
  6003 | D:5      | Killed Pikel
  6003 | D:5      | Reached skill level 8 in Spellcasting
  6003 | D:5      | Reached skill level 1 in Hexes
  6003 | D:5      | Reached XP level 8. HP: 27/42 MP: 3/22
  6362 | D:5      | Noticed Prince Ribbit
  6371 | D:5      | Killed Prince Ribbit
  6371 | D:5      | Reached skill level 1 in Fighting
  6560 | D:6      | Reached skill level 9 in Spellcasting
  6561 | D:6      | Reached skill level 5 in Dodging
  7087 | D:6      | Found a staircase to the Ecumenical Temple.
  7131 | D:6      | Reached XP level 9. HP: 42/47 MP: 18/24
  7364 | Temple   | Entered the Ecumenical Temple
  7516 | Temple   | Became a worshipper of Vehumet
  7745 | D:7      | Reached skill level 10 in Spellcasting
  8910 | D:8      | Reached skill level 1 in Polearms
  9003 | D:8      | Found a hide-covered altar of Uskayaw.
  9007 | D:8      | Noticed Maurice
  9019 | D:8      | Killed Maurice
  9019 | D:8      | Reached * piety under Vehumet
  9019 | D:8      | Offered knowledge of Flame Tongue by Vehumet.
  9019 | D:8      | Reached skill level 11 in Spellcasting
  9027 | D:8      | Learned a level 1 spell: Flame Tongue
  9031 | D:8      | Learned a level 3 spell: Confuse
  9036 | D:8      | Learned a level 4 spell: Force Lance
  9075 | D:8      | Reached skill level 10 in Conjurations
  9579 | D:8      | Noticed Joseph
 10186 | D:8      | Reached XP level 10. HP: 52/52 MP: 21/27
 10221 | D:8      | Noticed Psyche
 10234 | D:8      | Killed Psyche
 10234 | D:8      | Reached skill level 12 in Spellcasting
 10573 | D:8      | Found a stormy altar of Qazlal.
 10717 | D:8      | Killed Joseph
 11140 | D:9      | Noticed a two-headed ogre
 11162 | D:9      | Killed a two-headed ogre
 11162 | D:9      | Reached skill level 5 in Stealth
 11446 | D:9      | Found an ancient bone altar of Kikubaaqudgha.
 11465 | D:9      | Reached skill level 13 in Spellcasting
 11588 | D:9      | Reached skill level 1 in Fire Magic
 11852 | D:9      | Reached ** piety under Vehumet
 11852 | D:9      | Offered knowledge of Freeze by Vehumet.
 12113 | D:9      | Found a roughly hewn altar of Beogh.
 12113 | D:9      | Found a staircase to the Orcish Mines.
 12389 | D:9      | Learned a level 5 spell: Fireball
 12393 | D:9      | Learned a level 3 spell: Ozocubu's Armour
 12395 | D:9      | Learned a level 1 spell: Freeze
 12398 | D:9      | Learned a level 2 spell: Throw Flame
 12401 | D:9      | Learned a level 2 spell: Throw Frost
 12426 | D:10     | Entered Level 10 of the Dungeon
 12634 | D:10     | Noticed Grum
 12640 | D:10     | Killed Grum
 12644 | D:10     | Offered knowledge of Ignite Poison by Vehumet.
 12652 | D:10     | Learned a level 3 spell: Ignite Poison
 12654 | D:10     | Learned a level 1 spell: Animate Skeleton
 12956 | D:10     | Reached XP level 11. HP: 52/57 MP: 16/30
 13021 | D:10     | Noticed a two-headed ogre
 13218 | D:10     | Noticed Nergalle
 13231 | D:10     | Killed Nergalle
 13231 | D:10     | Reached skill level 1 in Ice Magic
 13346 | D:10     | Noticed a deep elf mage
 13351 | D:10     | Killed a deep elf mage
 13351 | D:10     | Reached skill level 14 in Spellcasting
 13479 | D:10     | Killed a two-headed ogre
 13709 | D:10     | Upgraded the game from 0.22-a0-388-g09e6169 to 0.22-a0-389-g8519d86
 13765 | D:11     | Reached *** piety under Vehumet
 13970 | D:11     | Noticed an eight-headed hydra
 14054 | D:11     | Found Bisiph's Armour Shoppe.
 14063 | D:11     | Reached skill level 1 in Charms
 14130 | D:11     | Noticed a two-headed ogre
 14133 | D:11     | Offered knowledge of Static Discharge by Vehumet.
 14139 | D:11     | Killed a two-headed ogre
 14145 | D:11     | Noticed an ettin
 14209 | D:11     | Bought a +1 pair of boots of stealth for 297 gold pieces
 14381 | D:11     | Noticed a five-headed hydra
 14403 | D:11     | Killed a five-headed hydra
 14498 | D:11     | Learned a level 3 spell: Static Discharge
 14534 | D:11     | Killed an eight-headed hydra
 15039 | D:11     | Found a staircase to the Lair.
 15391 | D:11     | Got a faintly glowing demon whip {pain}
 15514 | D:11     | Noticed a four-headed hydra
 15526 | D:11     | Killed a four-headed hydra
 15526 | D:11     | Reached skill level 15 in Spellcasting
 15526 | D:11     | Reached skill level 1 in Necromancy
 15541 | D:11     | Noticed a two-headed ogre
 15542 | D:11     | Found Eleceybe's Assorted Antiques.
 15574 | D:11     | Killed a two-headed ogre
 15586 | D:11     | Bought a scroll of identify for 68 gold pieces
 15586 | D:11     | Identified the +8 demon whip of Tiestror {pain, Int+5} (You took it off a crimson imp on level 11 of the Dungeon)
 15823 | D:9      | Reached XP level 12. HP: 64/64 MP: 16/33
 16254 | D:3      | Killed Robin
 16294 | D:3      | Killed PopulousWildman's ghost
 16495 | D:3      | Found a blossoming altar of Fedhas.
 16932 | Orc:1    | Entered Level 1 of the Orcish Mines
 16973 | Orc:1    | Noticed an orc warlord
 16998 | Orc:1    | Killed an orc warlord
 17029 | Orc:1    | Reached **** piety under Vehumet
 17438 | Orc:2    | Entered Level 2 of the Orcish Mines
 17472 | Orc:2    | Found a staircase to the Elven Halls.
 17541 | Orc:2    | Offered knowledge of Venom Bolt by Vehumet.
 17641 | Orc:2    | Reached skill level 16 in Spellcasting
 17723 | Orc:2    | Reached skill level 5 in Hexes
 17964 | Orc:2    | Noticed a centaur warrior
 17982 | Orc:2    | Shot with an arrow by a centaur warrior

Vault maps used:
D:1:      roderic_octagonal_star
D:2:      okawaru_trees_2, first_ration, kennysheep_jessica_study
D:3:      lemuel_crystal_altar, lemuel_crystal_altar,
          cheibrodos_sewer_entry_sluice, minmay_misc_feat_more_columns,
          uniq_robin
D:4:      lemuel_round_altar
D:5:      hangedman_decor_slide_cut, lemuel_tele_altar, uniq_pikel,
          uniq_prince_ribbit1, uniq_menkaure
D:6:      temple_pool_b
D:7:      the_bakery
D:8:      kennysheep_mini, basic_altar, kennysheep_potato, uniq_psyche,
          uniq_joseph, uniq_maurice
D:9:      kiku_gazebo_garden_becter, david_orc_5, minmay_librarian
D:10:     uniq_grum, uniq_nergalle
D:11:     giant_chief_lemuel, erik_lair_island, serial_shops, shop,
          lab_entry_generic, kennysheep_windowed_goal
Temple:   nicolae_temple_elliptical
Orc:2:    st_orc_rangers, basic_altar, serial_shops,
          nicolae_shop_window_shopping
Sewer:    sewer_co_cracked_pipes

Skill      XL: |  1  2  3  4  5  6  7  8  9 10 11 12 |
---------------+-------------------------------------+-----
Conjurations   | 5 6 7 8 10 11 12 | 12.5
Dodging        | 3 4 5 6 7 8 |  8.1
Spellcasting   | 4 5 6 8 9 11 13 15 16 | 16.2
Stealth        | 3 4 5 |  5.2
Staves         | 1 2 |  2.7
Hexes          | 1 2 3 4 5 |  5.1
Fighting       | 1 2 |  2.9
Polearms       | 1 2 3 |  3.0
Fire Magic     | 1 2 |  2.4
Ice Magic      | 2 3 |  3.3
Charms         | 2 3 |  3.8
Necromancy     | 1 2 |  2.2
Maces & Flails | |  0.2
Evocations     | |  0.1

Action                   |  1- 3 |  4- 6 |  7- 9 | 10-12 || total
-------------------------+-------+-------+-------+-------++-------
Melee: Dagger            |     2 |       |       |       ||     2
       Quarterstaff      |       |    29 |       |       ||    29
       Trident           |       |       |    15 |    90 ||   105
       Unarmed           |       |       |     7 |       ||     7
       Demon whip        |       |       |       |    18 ||    18
 Cast: Magic Dart        |    71 |   159 |   219 |   248 ||   697
       Searing Ray       |     4 |     8 |    24 |    36 ||    72
       Iskenderun's Myst |       |     2 |       |     4 ||     6
       Confuse           |       |     1 |     1 |    10 ||    12
       Confusing Touch   |       |     1 |     1 |       ||     2
       Fulminant Prism   |       |       |     4 |    43 ||    47
       Dazzling Spray    |       |       |     3 |     5 ||     8
       Flame Tongue      |       |       |     6 |    51 ||    57
       Freeze            |       |       |       |     9 ||     9
       Throw Frost       |       |       |       |     5 ||     5
       Ozocubu's Armour  |       |       |       |    27 ||    27
       Animate Skeleton  |       |       |       |    29 ||    29
       Fireball          |       |       |       |    14 ||    14
       Static Discharge  |       |       |       |     2 ||     2
Evoke: Wand              |       |       |       |     1 ||     1
  Use: Scroll            |       |    16 |     4 |    19 ||    39
       Potion            |       |     2 |     1 |     8 ||    11
  Eat: Ration            |     1 |     3 |     5 |     6 ||    15
       Chunk             |       |       |       |     4 ||     4
Armor: Robe              |     3 |    23 |    15 |    63 ||   104
Dodge: Dodged            |     8 |    49 |    77 |   286 ||   420
Block: Other             |       |       |     3 |    21 ||    24
       Reflection        |       |       |     2 |     5 ||     7

Table legend:
 A = Spawn XP
 B = Non-spawn XP
 C = Spawn XP percentage of total XP
 D = Spawn monster count
 E = Non-spawn monster count
 F = Spawn count percentage of total count
 G = Total turns spent on level
                    A         B        C        D         E        F      G
               +---------+---------+-------+---------+---------+-------+---------
         Total |       0 |   28758 |   0.0 |       0 |     400 |   0.0 | 17982
               +---------+---------+-------+---------+---------+-------+---------
           D:1 |       0 |      36 |   0.0 |       0 |      20 |   0.0 |   990
           D:2 |       0 |     106 |   0.0 |       0 |      28 |   0.0 |  1306
           D:3 |       0 |     365 |   0.0 |       0 |      45 |   0.0 |  1218
           D:4 |       0 |     405 |   0.0 |       0 |      18 |   0.0 |  1786
           D:5 |       0 |    1152 |   0.0 |       0 |      14 |   0.0 |  1289
           D:6 |       0 |    1032 |   0.0 |       0 |      22 |   0.0 |  1118
           D:7 |       0 |     904 |   0.0 |       0 |      24 |   0.0 |  1288
           D:8 |       0 |    3281 |   0.0 |       0 |      40 |   0.0 |  2283
           D:9 |       0 |    3278 |   0.0 |       0 |      44 |   0.0 |  1407
          D:10 |       0 |    3526 |   0.0 |       0 |      22 |   0.0 |  1495
          D:11 |       0 |    8134 |   0.0 |       0 |      50 |   0.0 |  1839
         Orc:1 |       0 |    2950 |   0.0 |       0 |      15 |   0.0 |   506
         Orc:2 |       0 |    3514 |   0.0 |       0 |      34 |   0.0 |   544
         Sewer |       0 |      75 |   0.0 |       0 |      24 |   0.0 |   737
               +---------+---------+-------+---------+---------+-------+---------
